 Dungeon Crawl Stone Soup version 0.30-a0-439-g9e77e4d916 (webtiles) character file.

Game seed: 7565010811547429930

95 AigisTheKnight the Firebug (level 4, -5/26 HPs)
             Began as a Tengu Fire Elementalist on Dec 10, 2022.
             Was an Initiate of the Shining One.
             Slain by a gnoll
             ... wielding a +0 whip
              (7 damage)
             ... on level 2 of the Dungeon.
             The game lasted 00:04:12 (2344 turns).

AigisTheKnight the Firebug (TeFE)                   Turns: 2344, Time: 00:04:13

Health: -5/26      AC:  3    Str:  9    XL:     4   Next: 66%
Magic:  0/8        EV: 13    Int: 17    God:    the Shining One [......]
Gold:   155        SH:  0    Dex: 20    Spells: 6/7 levels left

rFire   . . .      SeeInvis .    i - +0 dagger
rCold   . . .      Faith    .    (no shield)
rNeg    . . .      Spirit   .    a - +0 robe
rPois   .          Reflect  .    (helmet restricted)
rElec   .          Harm     .    h - +0 cloak
rCorr   .          Rampage  .    (no gloves)
Will    .....                    (boots unavailable)
Stlth   +.........               (no amulet)
HPRegen 0.24/turn                o - +6 ring of dexterity
MPRegen 0.11/turn                (no ring)

@: glowing
A: beak, talons 3
a: Renounce Religion


You were on level 2 of the Dungeon.
You worshipped the Shining One.
The Shining One was noncommittal.
You visited 1 branch of the dungeon, and saw 3 of its levels.

You collected 155 gold pieces.

Inventory:

Hand Weapons
 i - a +0 dagger (weapon)
Armour
 a - a +0 robe (worn)
 h - a +0 cloak (worn)
Jewellery
 m - an amulet of guardian spirit
 o - a +6 ring of dexterity (left hand)
Wands
 k - a wand of roots (3)
Scrolls
 c - 4 scrolls of identify {unknown}
 d - a scroll of summoning {unknown}
 e - a scroll of teleportation {unknown}
 g - a scroll of amnesia {unknown}
 l - a scroll of blinking {unknown}
 p - a scroll of noise {unknown}
 q - a scroll of enchant armour {unknown}
Potions
 b - a potion of magic
 f - 2 potions of lignification {unknown}
 j - a potion of curing {unknown}
 n - a potion of heal wounds {unknown}


   Skills:
 + Level 2.0 Fighting
 - Level 2.1 Dodging
 - Level 2.0 Stealth
 - Level 2.0 Spellcasting
 + Level 3.2 Conjurations
 + Level 1.4 Summonings
 + Level 4.1 Fire Magic


You had 6 spell levels left.
You knew the following spells:

 Your Spells              Type           Power      Damage    Failure   Level
a - Foxfire               Conj/Fire      56%        2x1d6     4%          1

Your spell library contained the following spells:

 Spells                   Type           Power      Damage    Failure   Level
 Scorch                   Fire           30%        2d6       5%          2
 Kiss of Death            Conj/Necr      28%        2d7       10%         1
 Apportation              Tloc           2%         N/A       19%         1
 Inner Flame              Hex/Fire       8%         N/A       26%         3
 Call Canine Familiar     Summ           6%         N/A       32%         3
 Kindle Blastsparks       Fire/Tloc/Air  12%        2d11      32%         3
 Flame Wave               Conj/Fire      14%        2d6       38%         4
 Confusing Touch          Hex            1%         N/A       50%         3
 Portal Projectile        Hex/Tloc       2%         N/A       50%         3
 Dispel Undead            Necr           1%         3d6       88%         4
 Leda's Liquefaction      Hex/Erth       0%         N/A       88%         4
 Alistair's Intoxication  Tmut/Pois      0%         N/A       99%         5


Dungeon Overview and Level Annotations

Branches:
Dungeon (3/15)

Altars:
Ru
The Shining One


Innate Abilities, Weirdness & Mutations

You have a beak for a mouth.
You have claws for feet.


Message History

Casting: Foxfire (safe; 4% risk of failure)
Confirm with . or Enter, or press ? or * to list all spells.
You conjure some foxfire!
The foxfire hits the gnoll.
The gnoll is moderately wounded.
The foxfire hits the gnoll.
The gnoll is moderately wounded.
Casting: Foxfire (safe; 4% risk of failure)
Confirm with . or Enter, or press ? or * to list all spells.
You conjure some foxfire!
Your foxfire dissipates!
The foxfire hits the gnoll.
The gnoll is severely wounded.
Casting: Foxfire (safe; 4% risk of failure)
Confirm with . or Enter, or press ? or * to list all spells.
You miscast Foxfire.
You are very lightly contaminated with residual magic.
Nothing appears to happen.
The gnoll attacks as you move away! The gnoll closely misses you.
The gnoll throws a throwing net.
The throwing net hits you.
You become entangled in the net!
You see here a throwing net.
You struggle against the net.
You tear a large gash into the net.
The gnoll hits you from afar with a +0 halberd.
The gnoll hits you with a +0 whip.
You shred the net and break free! The gnoll misses you.
The gnoll hits you with a +0 whip!
* * * LOW HITPOINT WARNING * * *
Your magical contamination has completely faded away.
There is a stone staircase leading up here.
The gnoll hits you with a +0 whip.
* * * LOW HITPOINT WARNING * * *
The gnoll closely misses you.
You climb upwards.
There is a stone staircase leading down here.
Casting: Foxfire (safe; 4% risk of failure)
Confirm with . or Enter, or press ? or * to list all spells.
You conjure some foxfire!
The gnoll hits you with a +0 whip!
You die...

#.#######..........#.##
#.#..............###.##
#.#..)..#.##########.##
#.#............#.......
#...........#.##.###.##
###.........#.##.# #.##
#..............###...
#...v....##..........
##.v@g...............
#.#.........########
#.#.................
#.#.........########
#.#)###.##### #.#.....#
#.#...### #.#...# ##
#.#...# #.


You could see a gnoll (ally target).

Vanquished Creatures
  A gnoll (D:3)
  2 adders (D:2)
  A worm (D:3)
  2 dart slugs (D:2)
  5 ball pythons
  3 endoplasms
  3 giant cockroaches
  7 goblins
  10 hobgoblins
  6 jackals (D:1)
  2 quokkas (D:1)
  2 bats (D:3)
  4 frilled lizards
  2 kobolds (D:2)
  3 rats
53 creatures vanquished.

Vanquished Creatures (others)
  147 foxfires
147 creatures vanquished.

Grand Total: 200 creatures vanquished

Notes
Turn   | Place    | Note
-------+----------+-------------------------------------------
     0 | D:1      | AigisTheKnight the Tengu Fire Elementalist began the quest
                  | for the Orb.
     0 | D:1      | Reached XP level 1. HP: 10/10 MP: 4/4
   264 | D:1      | Reached XP level 2. HP: 13/16 MP: 1/6
   350 | D:1      | Reached skill level 1 in Fighting
   455 | D:1      | Found a faded altar of an unknown god.
   688 | D:1      | Reached XP level 3. HP: 13/20 MP: 3/7
   999 | D:2      | Found a sacrificial altar of Ru.
  1300 | D:2      | Reached XP level 4. HP: 26/26 MP: 4/8
  1303 | D:2      | Reached skill level 4 in Fire Magic
  1307 | D:2      | Reached skill level 1 in Summonings
  2216 | D:3      | Found a glowing golden altar of the Shining One.
  2225 | D:3      | Became a worshipper of the Shining One
  2342 | D:3      | HP: 1/26 [gnoll/+0 whip (4)]
  2344 | D:2      | Slain by a gnoll

Illustrated notes

Levels and vault maps discovered:
D:1:      heliophobic_arrival_dark_side_of_the_moon, layout_basic,
          hellmonk_ecumenical_altar_lost_god, chequers_mini_garden
D:2:      minmay_diamond_boxcup, layout_basic, basic_altar
D:3:      layout_loops_ring, lemuel_crystal_altar, mainiacjoe_overflow_alcove_2,
          lightli_sewer_entry_pipes, corexii_item_surrounded_by_moat

Skill      XL: |  1  2  3  4 |
---------------+-------------+-----
Conjurations   | 2 3 |  3.2
Fighting       | 1 2 |  2.0
Fire Magic     | 4 |  4.1
Summonings     | 1 |  1.4
Dodging        | |  2.1
Stealth        | |  2.0
Spellcasting   | |  2.0

Action                   |  1- 3 |  4- 6 || total
-------------------------+-------+-------++-------
Melee: Unarmed           |    12 |       ||    12
       Kick              |    11 |     6 ||    17
       Dagger            |    18 |    12 ||    30
       Peck              |     3 |     2 ||     5
 Cast: Foxfire           |    68 |    47 ||   115
Armor: Robe              |     8 |     1 ||     9
Dodge: Dodged            |    33 |    15 ||    48

Table legend: (Time is in decaauts)
 A = Elapsed time spent in this place.
 B = Non-inter-level travel time spent in this place.
 C = Inter-level travel time spent in this place.
 D = Time resting spent in this place.
 E = Time spent auto-exploring this place.
 F = Levels seen in this place.
 G = Mean time per level.
                   A        B        C        D        E       F      G
               +--------+--------+--------+--------+--------+-----+--------+
         Total |   2343 |   2316 |     27 |      0 |   1859 |   3 |  781.0 |
       Dungeon |   2343 |   2316 |     27 |      0 |   1859 |   3 |  781.0 |
               +--------+--------+--------+--------+--------+-----+--------+

Top non-repeatable levels by time:
     D:2: 1296 daAuts
     D:1: 910 daAuts
     D:3: 135 daAuts
